 Dungeon Crawl Stone Soup version 0.27-a0-1200-g94dc6ad4cf (webtiles) character file.

Game seed: 9061627171202459482

37 bilbop the Covered (level 3, -2/33 HPs)
             Began as a Minotaur Fighter on May 31, 2021.
             Succumbed to an orc's poison
             ... on level 2 of the Dungeon.
             The game lasted 00:06:02 (1528 turns).

bilbop the Covered (Minotaur Fighter)               Turns: 1528, Time: 00:06:02

Health: -2/33      AC:  9    Str: 20    XL:     3   Next: 23%
Magic:  2/2        EV:  5    Int:  6    God:
Gold:   56         SH:  9    Dex:  9    Spells: 3/3 levels left

rFire    . . .     SeeInvis .   a - +0 flail
rCold    . . .     Faith    .   c - +0 kite shield
rNeg     . . .     Spirit   .   h - +0 chain mail
rPois    .         Reflect  .   (helmet restricted)
rElec    .         Harm     +   l - scarf {harm}
rCorr    +         Rampage  .   (no gloves)
Will     .....                  (no boots)
Stlth    ..........             (no amulet)
HPRegen  0.11/turn              i - ring of resist corrosion
MPRegen  0.08/turn              (no ring)

@: lethally poisoned (-2 -> -14)
A: horns 2, retaliatory headbutt
a: no special abilities


You were on level 2 of the Dungeon.
You visited 1 branch of the dungeon, and saw 2 of its levels.

You collected 56 gold pieces.

Inventory:

Hand Weapons
 a - a +0 flail (weapon)
Armour
 b - a +0 scale mail
 c - a +0 kite shield (worn)
 h - a +0 chain mail (worn)
 l - a scarf of harm (worn)
Jewellery
 i - a ring of resist corrosion (left hand)
Scrolls
 e - a scroll of identify {unknown}
 f - a scroll of amnesia {unknown}
 g - 2 scrolls of enchant armour {unknown}
 k - 2 scrolls of enchant weapon {unknown}
Potions
 d - a potion of might
 j - a potion of flight {unknown}


   Skills:
 + Level 4.0 Fighting
 + Level 3.0 Maces & Flails
 + Level 4.0 Armour
 + Level 4.0 Shields
 + Level 0.5 Spellcasting


You had 3 spell levels left.
You didn't know any spells.
Your spell library was empty.

Dungeon Overview and Level Annotations

Branches:
Dungeon (2/15)

Altars:


Innate Abilities, Weirdness & Mutations

You have a pair of horns on your head.
You reflexively headbutt those who attack you in melee.


Message History

You see here a hobgoblin corpse.
You see here a hobgoblin corpse.
Things that are here:
a +0 dagger; a goblin corpse
Found a faded altar of an unknown god.
You open the door.
An orc comes into view.
It is wielding a +0 short sword of venom.
The orc shouts!
You hear a shout!
The orc throws a boomerang.
The boomerang barely misses you.
You hear a shout!
There is an open door here.
An orc and an orc wizard come into view.
The orc wizard shouts!
The orc hits you but does no damage.
You are poisoned.
Found 13 gold pieces.
You closely miss the orc. Your headbutt misses the orc.
You feel very sick. You block the orc's attack.
The orc hits you but does no damage.
You are more poisoned.
You barely miss the orc wizard.
You feel very sick. The orc wizard barely misses you.
You block the orc's attack. The orc hits you but does no damage.
You are more poisoned.
The orc wizard gestures at you while chanting.
The magic dart hits you! The orc hits you but does no damage.
You closely miss the orc wizard. Your headbutt misses the orc wizard.
You feel very sick. The orc closely misses you.
The orc wizard casts a spell at you. The puff of flame hits you!
* * * LOW HITPOINT WARNING * * *
You block the orc's attack. The orc barely misses you.
You are too injured to fight recklessly!
You are too injured to fight recklessly!
You are too injured to fight recklessly!
You are too injured to fight recklessly!
You are too injured to fight recklessly!
You die...

#......#
#....
#......#
#...#
#......#
#...#
#......#
#..##
#......# #.
#......#####
##.
#.$ooo......
#..
########....#
#.#
#......@....+
#.#
##.#####....#
##.. #.#
#....# #...
#.# #....#
##... #.#
#....# #....
#.# #....#
##.... #.#
###### #.....
#.# ####.....
#.# #........


You could see an orc wizard and an orc.

Vanquished Creatures
  A worm (D:2)
  5 ball pythons
  4 bats (D:1)
  4 endoplasms
  A giant cockroach (D:2)
  2 goblins
  2 hobgoblins (D:2)
  A jackal (D:2)
  2 quokkas (D:1)
  3 frilled lizards (D:2)
  4 kobolds
  4 rats
33 creatures vanquished.

Notes
Turn   | Place    | Note
-------+----------+-------------------------------------------
     0 | D:1      | bilbop the Minotaur Fighter began the quest for the Orb.
     0 | D:1      | Reached XP level 1. HP: 19/19 MP: 0/0
   206 | D:1      | Reached XP level 2. HP: 27/27 MP: 1/1
  1179 | D:2      | Reached XP level 3. HP: 33/33 MP: 2/2
  1490 | D:2      | Found a faded altar of an unknown god.
  1527 | D:2      | HP: 1/33 [orc wizard/puff of flame (10)]
  1528 | D:2      | Succumbed to an orc's poison

Illustrated notes

Levels and vault maps discovered:
D:1:      dpeg_arrival_arbitrary_a, layout_basic, grunt_decor_cap,
          columned_hall_lemuel
D:2:      minmay_skewed_foursquare, layout_basic,
          shapermc_ecumenical_altar_mp_urbaneastern

Skill      XL: |  1  2  3 |
---------------+----------+-----
Armour         | 4 |  4.0
Shields        | 4 |  4.0
Fighting       | 4 |  4.0
Maces & Flails | 3 |  3.0
Spellcasting   | |  0.5

Action                   || total
-------------------------++-------
Melee: Flail             ||    82
       Headbutt          ||     7
Armor: Scale mail        ||    25
       Chain mail        ||    39
Dodge: Dodged            ||    27
Block: Kite shield       ||    51

Table legend: (Time is in decaauts)
 A = Elapsed time spent in this place.
 B = Non-inter-level travel time spent in this place.
 C = Inter-level travel time spent in this place.
 D = Time resting spent in this place.
 E = Time spent auto-exploring this place.
 F = Levels seen in this place.
 G = Mean time per level.
                   A        B        C        D        E       F      G
               +--------+--------+--------+--------+--------+-----+--------+
         Total |   1566 |   1516 |     50 |      0 |   1297 |   2 |  783.0 |
       Dungeon |   1566 |   1516 |     50 |      0 |   1297 |   2 |  783.0 |
               +--------+--------+--------+--------+--------+-----+--------+

Top non-repeatable levels by time:
     D:1: 1119 daAuts
     D:2: 447 daAuts
